 Dungeon Sprint DCSS version 0.28.0-53-g5a82cb258f (webtiles) character file.

Game seed: 2783771484124459327

18198 Zeld the Executioner (level 12, -10/204 HPs)
             Began as a Minotaur Berserker on June 12, 2022.
             Was a High Priest of Trog.
             Killed by an exploding ball lightning (32 damage)
             ... set off by themself
             ... in the Dungeon (Sprint I: "Red Sonja").
             The game lasted 00:13:43 (7927 turns).

Zeld the Executioner (Minotaur Berserker)           Turns: 7927, Time: 00:13:43

Health: -10/204    AC: 13    Str: 26    XL:     12   Next: 25%
Magic:  11/11      EV: 14    Int:  4    God:    Trog [*****.]
Gold:   1370       SH:  0    Dex: 11    Spells: 11/11 levels left

rFire   . . .      SeeInvis +   a - +9 executioner's axe (vorpal)
rCold   . . .      Faith    .   (shield currently unavailable)
rNeg    . . .      Spirit   .   o - +0 chain mail "Fyiwomn" {Slay+5 Stlth+}
rPois   +          Reflect  .   (helmet restricted)
rElec   .          Harm     .   (no cloak)
rCorr   .          Rampage  .   (no gloves)
Will    .....      NoTele   +   (no boots)
Stlth   ..........              (no amulet)
HPRegen 0.44/turn               v - ring of see invisible
MPRegen 0.12/turn               z - ring of poison resistance

@: berserking, very quick
A: horns 2, retaliatory headbutt
a: Renounce Religion, Berserk, Trog's Hand, Brothers in Arms


You were in the Dungeon.
You worshipped Trog.
Trog was extremely pleased with you.
You visited 1 branch You collected 4112 gold pieces.
You spent 2742 gold pieces at shops.

Inventory:

Hand Weapons
 a - a +9 vorpal executioner's axe (weapon)
 j - a +6 executioner's axe
Armour
 m - +0 gold dragon scales
 o - the +0 chain mail "Fyiwomn" (worn) {Slay+5 Stlth+}
   (You bought it in a shop in the Dungeon)

   Slay:      It affects your accuracy & damage with ranged weapons and melee
   (+5).
   Stlth:     It makes you more stealthy.
 u - a +0 pair of boots of rampaging
Jewellery
 p - a ring of willpower
 v - a ring of see invisible (left hand)
 z - a ring of poison resistance (right hand)
Wands
 i - a wand of flame (5)
 n - a wand of acid (6)
Scrolls
 b - a scroll of fog
 h - a scroll of blinking
 l - 3 scrolls of enchant weapon
 y - 3 scrolls of enchant armour
 D - a scroll of magic mapping
Potions
 c - 9 potions of curing
 e - 3 potions of haste
 f - 2 potions of magic
 g - a potion of berserk rage
 k - a potion of resistance
 r - a potion of cancellation
 s - 2 potions of invisibility {unknown}
 t - 5 potions of mutation
 w - a potion of attraction {unknown}
 A - a potion of ambrosia
 C - a potion of heal wounds
Miscellaneous
 d - a phantom mirror


   Skills:
 * Level 21.2 Fighting
 * Level 21.2 Axes
 + Level 15.6 Armour
 + Level 14.2 Dodging
 + Level 6.2 Evocations


You had 11 spell levels left.
You didn't know any spells.
Your spell library was empty.

Dungeon Overview and Level Annotations

Branches:
Dungeon (1/1)

Altars:
Cheibriados
Dithmenos
Elyvilon
Fedhas
Gozag
Hepliaklqana
Kikubaaqudgha
Makhleb
Nemelex Xobeh
Okawaru
Qazlal
Ru
Sif Muna
Trog
Uskayaw
Vehumet
Wu Jian
Xom
Yredelemnul
Zin
The Shining One
Jiyva
Lugonu

Shops:
D *:*[[(:=!:?[:(=[**

Annotations:
D Lom Lobon


Innate Abilities, Weirdness & Mutations

You have a pair of horns on your head.
You reflexively headbutt those who attack you in melee.


Message History

You slice the ball lightning!!
The ball lightning explodes!
The blast of lightning engulfs you!!
The blast of lightning engulfs Lom Lobon.
Lom Lobon completely resists.
Lom Lobon gestures. 3 ball lightnings come into view.
Unknown command.
Unknown command.
You completely miss Lom Lobon.
Lom Lobon is heavily wounded.
You slash the ball lightning!
The ball lightning explodes!
The blast of lightning engulfs you!!
The blast of lightning engulfs Lom Lobon.
Lom Lobon completely resists.
Unknown command.
Unknown command.
You cut Lom Lobon into ribbons!!! Your headbutt misses Lom Lobon.
Lom Lobon is severely wounded.
The ball lightning explodes!
The blast of lightning engulfs Lom Lobon.
Lom Lobon completely resists.
The blast of lightning engulfs the ball lightning.
The ball lightning completely resists.
The blast of lightning engulfs you!!!
* * * LOW HITPOINT WARNING * * *
Lom Lobon gestures. 3 ball lightnings come into view.
Unknown command.
Unknown command.
You slice Lom Lobon!! Your headbutt misses Lom Lobon.
Lom Lobon is severely wounded.
You slice the ball lightning!! You barely miss the ball lightning.
You slash the ball lightning!
The ball lightning explodes!
The blast of lightning engulfs Lom Lobon.
Lom Lobon completely resists.
The blast of lightning engulfs the ball lightning.
The ball lightning completely resists.
The blast of lightning engulfs you!!
You die...

########################
#....'.§§.§§'..#.*+§...#
#.####.....##.*&@.#§...##
#.#.###...#######'#.§§..#####
'.#'#.###'#...##.)#.§.§.#...#
###...#.#.##...#.)##§.§.#§∩(#
..#...###..###.#..≈###'##...#
..+.....##.#.#.#..≈.)#(####'#
..#.....#..###.#☼.≈.##§#§...##
..###''##.##...#§.≈##..§§§.§.##
.###..###..#'###&§§#..§.)§§...#


You could see Lom Lobon (gusty) and 2 ball lightnings.

Vanquished Creatures
  A golden dragon (D)
  A shadow dragon (D)
  A lorocyproca (D)
  A deep elf annihilator (D)
  A mummy priest (D)
  A hydra (D)
  2 centaur warriors (D)
  Sonja (D)
  A deep troll (D)
  A lindwurm (D)
  2 oklob plants (D)
  2 merfolk sirens (D)
  2 gargoyles (D)
  4 demonic crawlers (D)
  7 unseen horrors (D)
  2 kobold demonologists (D)
  A hellwing (D)
  4 hornets (D)
  A slime creature (D)
  Sigmund (D)
  A yak (D)
  13 hogs (D)
  2 redbacks (D)
  3 floating eyes (D)
  7 necrophages (D)
  An ogre (D)
  8 jellies (D)
  Ijyb (D)
  5 ball lightnings (D)
  A ballistomycete spore (D)
79 creatures vanquished.

Vanquished Creatures (others)
  A hornet (D)
  2 ball lightnings (D)
  A ballistomycete spore (D)
4 creatures vanquished.

Grand Total: 83 creatures vanquished

Notes
Turn   | Place    | Note
-------+----------+-------------------------------------------
     0 | D        | Zeld the Minotaur Berserker began the quest for the Orb.
     0 | D        | Reached XP level 1. HP: 19/19 MP: 0/0
     2 | D        | Noticed Ijyb
     9 | D        | Killed Ijyb
    10 | D        | Reached skill level 5 in Fighting
    10 | D        | Reached skill level 5 in Axes
    10 | D        | Reached XP level 2. HP: 13/29 MP: 1/1
   222 | D        | Noticed an ogre
   224 | D        | Killed an ogre
   225 | D        | Reached skill level 5 in Armour
   225 | D        | Reached XP level 3. HP: 39/39 MP: 2/2
   225 | D        | Reached XP level 4. HP: 47/47 MP: 3/3
   381 | D        | Noticed Sigmund
   387 | D        | Killed Sigmund
   388 | D        | Reached skill level 5 in Dodging
   388 | D        | Reached XP level 5. HP: 57/57 MP: 4/4
   596 | D        | Found a burning altar of Makhleb.
   596 | D        | Found a viscous altar of Jiyva.
   596 | D        | Found a shimmering altar of Xom.
   596 | D        | Found a corrupted altar of Lugonu.
   596 | D        | Noticed a slime creature
   604 | D        | Killed a slime creature
   604 | D        | Reached ** piety under Trog
   605 | D        | Reached skill level 10 in Fighting
   605 | D        | Reached skill level 10 in Axes
   605 | D        | Reached XP level 6. HP: 36/67 MP: 5/5
   846 | D        | Noticed a kobold demonologist
   846 | D        | Noticed a floating eye
   847 | D        | Noticed a kobold demonologist
   847 | D        | Paralysed by a floating eye for 4 turns
   849 | D        | Noticed a hellwing
   854 | D        | Killed a floating eye
   855 | D        | Reached XP level 7. HP: 74/74 MP: 6/6
   860 | D        | Killed a kobold demonologist
   862 | D        | Killed a kobold demonologist
   862 | D        | Reached *** piety under Trog
   863 | D        | Reached XP level 8. HP: 85/85 MP: 7/7
  1017 | D        | Found an ornate altar of the Wu Jian Council.
  1017 | D        | Found a shimmering blue altar of Sif Muna.
  1019 | D        | Found a radiant altar of Vehumet.
  1097 | D        | Found Ganeif's Book Emporium.
  1097 | D        | Found an ancient bone altar of Kikubaaqudgha.
  1097 | D        | Found a hazy altar of Hepliaklqana.
  1097 | D        | Found a stormy altar of Qazlal.
  1097 | D        | Found a hide-covered altar of Uskayaw.
  1097 | D        | Found a blossoming altar of Fedhas.
  1097 | D        | Found a bloodstained altar of Trog.
  1097 | D        | Found an iron altar of Okawaru.
  1097 | D        | Found a basalt altar of Yredelemnul.
  1097 | D        | Found a glowing golden altar of the Shining One.
  1097 | D        | Found a snail-covered altar of Cheibriados.
  1097 | D        | Found a sacrificial altar of Ru.
  1097 | D        | Found a glowing silver altar of Zin.
  1097 | D        | Found a shadowy altar of Dithmenos.
  1097 | D        | Found a white marble altar of Elyvilon.
  1100 | D        | Found an opulent altar of Gozag.
  1101 | D        | Found a sparkling altar of Nemelex Xobeh.
  1158 | D        | Noticed a centaur warrior
  1159 | D        | Noticed a centaur warrior
  1170 | D        | Killed a centaur warrior
  1171 | D        | Reached skill level 10 in Armour
  1172 | D        | Killed a centaur warrior
  1172 | D        | Reached **** piety under Trog
  1173 | D        | Reached XP level 9. HP: 36/96 MP: 8/8
  1290 | D        | Noticed a deep troll
  1296 | D        | Killed a deep troll
  1297 | D        | Reached skill level 15 in Fighting
  1297 | D        | Reached skill level 15 in Axes
  1297 | D        | Reached skill level 10 in Dodging
  1433 | D        | Found Juepioda's Armour Emporium.
  1486 | D        | Bought the +0 chain mail "Fyiwomn" {Slay+5 Stlth+} for 494
                  | gold pieces
  1620 | D        | Noticed an oklob plant
  1631 | D        | Killed an oklob plant
  1665 | D        | Reached ***** piety under Trog
  1746 | D        | Noticed Sonja
  1753 | D        | Killed Sonja
  1754 | D        | Reached XP level 10. HP: 108/108 MP: 9/9
  1984 | D        | Found Iddeampy's Assorted Antiques.
  1992 | D        | Bought a scroll labelled FAUTWU ADE LOU for 27 gold pieces
  1992 | D        | Bought a potion of curing for 81 gold pieces
  1992 | D        | Bought a scroll labelled WEF GAMOQO for 27 gold pieces
  2035 | D        | Noticed a gargoyle
  2044 | D        | Killed a gargoyle
  2246 | D        | Noticed a lindwurm
  2256 | D        | Killed a lindwurm
  2340 | D        | Reached ****** piety under Trog
  2347 | D        | Received a gift from Trog
  2366 | D        | Reached XP level 11. HP: 84/121 MP: 10/10
  2649 | D        | Received a gift from Trog
  2675 | D        | Reached skill level 1 in Evocations
  2957 | D        | Received a gift from Trog
  3044 | D        | Identified the +2 buckler of Dithmenos's Scorn {Dex+6}
  3053 | D        | Found Kele's Antique Armour Shoppe.
  3053 | D        | Found Wucereet's General Store.
  3053 | D        | Found Moghihar's Antique Armour Boutique.
  3055 | D        | Found Ytesuink's Antique Weapon Emporium.
  3055 | D        | Found Buwn's Book Shop.
  3055 | D        | Found Poynkiwn's Jewellery Shoppe.
  3055 | D        | Found Deijomom's Distillery.
  3055 | D        | Found Guaseq's Book Emporium.
  3055 | D        | Found Ijariom's Magic Scroll Shop.
  3055 | D        | Found Rirel's Armour Shoppe.
  3057 | D        | Bought a potion of haste for 140 gold pieces
  3057 | D        | Bought 2 potions of mutation for 224 gold pieces
  3057 | D        | Bought a potion of curing for 42 gold pieces
  3058 | D        | Bought a pair of runed boots for 217 gold pieces
  3059 | D        | Found Niopaeph's Book Boutique.
  3060 | D        | Found Tofi's Jewellery Emporium.
  3060 | D        | Found Velaunn's Weapon Boutique.
  3061 | D        | Found Zoptetent's Assorted Antiques.
  3064 | D        | Bought a ring of see invisible for 210 gold pieces
  3065 | D        | Bought a potion of curing for 42 gold pieces
  3065 | D        | Bought a potion of curing for 42 gold pieces
  3073 | D        | Bought a coppery potion for 22 gold pieces
  3194 | D        | Noticed a lorocyproca
  3206 | D        | Killed a lorocyproca
  3304 | D        | Noticed a daeva
  4497 | D        | Bought a ring of poison resistance for 220 gold pieces
  5213 | D        | Bought a scroll labelled FYMUTUFENOUF for 25 gold pieces
  5213 | D        | Bought a scroll labelled FAUTWU ADE LOU for 25 gold pieces
  5213 | D        | Bought a scroll labelled FAUTWU ADE LOU for 25 gold pieces
  5213 | D        | Bought a scroll labelled FAUTWU ADE LOU for 25 gold pieces
  5219 | D        | Bought a potion of ambrosia for 112 gold pieces
  5219 | D        | Bought a potion of mutation for 112 gold pieces
  5219 | D        | Bought a potion of flight for 42 gold pieces
  5219 | D        | Bought 2 potions of mutation for 224 gold pieces
  5219 | D        | Bought a potion of heal wounds for 70 gold pieces
  5221 | D        | Bought a scroll of enchant weapon for 90 gold pieces
  5221 | D        | Bought a scroll of enchant armour for 90 gold pieces
  5221 | D        | Bought a scroll of identify for 24 gold pieces
  5221 | D        | Bought a scroll of identify for 24 gold pieces
  5221 | D        | Bought a scroll of magic mapping for 42 gold pieces
  5221 | D        | Bought a scroll of identify for 24 gold pieces
  5314 | D        | Noticed a 12-headed hydra
  5317 | D        | Paralysed by a floating eye for 2 turns
  5321 | D        | Killed a 16-headed hydra
  6520 | D        | Noticed a deep elf annihilator
  6527 | D        | Received a gift from Trog
  6537 | D        | Received a gift from Trog
  6598 | D        | Killed a deep elf annihilator
  6613 | D        | Noticed a mummy priest
  6620 | D        | Noticed a flayed ghost
  6620 | D        | Noticed a shadow wraith
  6620 | D        | Noticed an oklob plant
  6623 | D        | Killed an oklob plant
  6624 | D        | Reached skill level 15 in Armour
  6624 | D        | Reached skill level 5 in Evocations
  6624 | D        | Killed a mummy priest
  6625 | D        | Reached XP level 12. HP: 32/134 MP: 11/11
  7116 | D        | Noticed a shadow dragon
  7116 | D        | Noticed a golden dragon
  7552 | D        | Killed a shadow dragon
  7737 | D        | Killed a golden dragon
  7737 | D        | Received a gift from Trog
  7813 | D        | Found Eczuangi's General Store.
  7893 | D        | Noticed Lom Lobon
  7927 | D        | Killed by an exploding ball lightning... set off by
                  | themself

Illustrated notes

Levels and vault maps discovered:
D:        dungeon_sprint_1 [red_sonja_temple_1, red_sonja_temple_small_1]

Skill      XL: |  1  2  3  4  5  6  7  8  9 10 11 12 |
---------------+-------------------------------------+-----
Fighting       | 5 7 9 10 11 12 14 16 18 20 21 | 21.2
Axes           | 5 7 9 10 11 12 14 16 18 20 21 | 21.2
Armour         | 3 5 6 7 9 10 12 13 15 | 15.6
Dodging        | 3 4 5 6 7 8 9 11 12 13 14 | 14.2
Evocations     | 5 6 |  6.2

Action                   |  1- 3 |  4- 6 |  7- 9 | 10-12 || total
-------------------------+-------+-------+-------+-------++-------
Melee: Hand axe          |     6 |    13 |    48 |    68 ||   135
       Headbutt          |     3 |     4 |    12 |    42 ||    61
       Punch             |       |       |     2 |     3 ||     5
       Executioner's axe |       |       |       |    55 ||    55
       Glaive            |       |       |       |    30 ||    30
Invok: Berserk           |     2 |     3 |     5 |     8 ||    18
       Trog's Hand       |       |       |     1 |     1 ||     2
       Brothers in Arms  |       |       |     1 |     3 ||     4
  Use: Scroll            |       |       |       |     8 ||     8
       Potion            |       |       |       |     2 ||     2
Armor: Chain mail        |       |       |     6 |   124 ||   130
Dodge: Dodged            |     1 |     1 |    27 |    95 ||   124
